 Dungeon Crawl Stone Soup version 0.31.0-32-g396128a36d (webtiles) character file.

Game seed: 9032120818628158061

7438 spaghetti the Toxicologist (level 11, -8/102 HPs)
             Began as a Naga Summoner on Mar 9, 2024.
             Was a Follower of Kikubaaqudgha.
             Mangled by a sixfirhy (12 damage)
             ... on level 2 of the Abyss.
             The game lasted 00:22:41 (11628 turns).

spaghetti the Toxicologist (Naga Summoner)         Turns: 11628, Time: 00:22:41

Health: -8/102     AC: 14    Str: 11    XL:     11   Next: 15%
Magic:  15/22      EV: 10    Int: 20    God:    Kikubaaqudgha [*.....]
Gold:   409        SH:  0    Dex: 15    Spells: 3/25 levels left

rFire   . . .        G - +4 trident (drain)
rCold   . . .        (no shield)
rNeg    + . .        a - +1 robe
rPois   +            (no helmet)
rElec   .            p - +1 cloak
rCorr   .            f - +0 pair of gloves
SInv    +            (no barding)
Will    +....        (no amulet)
Stlth   ++           D - ring of the Vendetta {AC+4 Dex+4}
HPRegen 0.37/turn    r - ring of positive energy
MPRegen 0.18/turn

%: no passive effects
@: about to teleport, very slow
A: AC +3, large, see invisible, deformed body, poison resistance, slowness 2,
spit poison 1, naga tail 1, iridescent scales 1
a: Spit Poison, Renounce Religion, Unearth Wretches


You were on level 2 of the Abyss.
You worshipped Kikubaaqudgha.
Kikubaaqudgha was aware of your devotion.
You visited 2 branches of the dungeon, and saw 10 of its levels.
You visited the Abyss 1 time.

You collected 409 gold pieces.

Inventory:

Hand Weapons
 o - a +2 quarterstaff of protection
 y - a +4 halberd of freezing
 G - a +4 trident of draining (weapon)
Missiles
 j - 4 boomerangs
Armour
 a - a +1 robe (worn)
 f - a +0 pair of gloves (worn)
 p - a +1 cloak (worn)
 s - +0 shadow dragon scales
Magical Staves
 d - a staff of alchemy
Jewellery
 r - a ring of positive energy (right hand)
 x - a ring of flight
 D - the ring of the Vendetta (left hand) {AC+4 Dex+4}
   (You found it on level 7 of the Dungeon)

   [ring of protection]

   AC+4:      It affects your AC (+4).
   Dex+4:     It affects your dexterity (+4).
Wands
 u - a wand of iceblast (12)
 B - a wand of paralysis (9)
 H - a wand of flame (2)
 I - a wand of acid (7)
Scrolls
 c - 4 scrolls of immolation
 e - 2 scrolls of silence
 g - 2 scrolls of revelation
 i - 2 scrolls of enchant armour
 t - a scroll of teleportation
 v - 3 scrolls of blinking
 w - 2 scrolls of enchant weapon
 C - 3 scrolls of vulnerability
 E - a scroll of fear
 J - a scroll of identify
Potions
 h - a potion of degeneration
 k - a potion of haste
 l - 2 potions of enlightenment
 m - a potion of mutation
 n - 4 potions of curing
 q - 3 potions of heal wounds
 z - 2 potions of attraction {unknown}
 A - 4 potions of might {unknown}
 F - a potion of cancellation


   Skills:
 + Level 7.7 Fighting
 - Level 1.5 Dodging
 - Level 3.0 Stealth
 + Level 7.6 Spellcasting
 - Level 7.0 Summonings
 + Level 2.5 Necromancy
 + Level 5.7 Ice Magic
 - Level 5.0 Air Magic
 + Level 9.1 Alchemy


You had 3 spell levels left.
You knew the following spells:

 Your Spells              Type           Power      Damage    Failure   Level
a - Ozocubu's Armour      Ice            30%        N/A       2%          3
b - Call Imp              Summ           70%        N/A       1%          2
c - Call Canine Familiar  Summ           35%        N/A       1%          3
d - Summon Lightning Spi  Summ/Air       31%        N/A       8%          4
e - Sculpt Simulacrum     Ice/Alch       18%        N/A       54%         6
f - Animate Dead          Necr           17%        N/A       30%         4

Your spell library contained the following spells:

 Spells                   Type           Power      Damage    Failure   Level
 Summon Small Mammal      Summ           100%       N/A       1%          1
 Cigotuvi's Dreadful Rot  Necr/Alch/Air  58%        N/A       1%          2
 Necrotise                Necr           68%        1d7       3%          1
 Kiss of Death            Conj/Necr      48%        2d9       5%          1
 Sandblast                Erth           14%        2d6       9%          1
 Slow                     Hex            28%        N/A       9%          1
 Vampiric Draining        Necr           17%        2d7       10%         3
 Confusing Touch          Hex            7%         N/A       26%         3
 Passwall                 Erth           7%         N/A       26%         3
 Sigil of Binding         Hex            7%         N/A       26%         3
 Stone Arrow              Conj/Erth      14%        3d7       26%         3
 Summon Blazeheart Golem  Fire/Summ      21%        N/A       22%         4
 Metabolic Englaciation   Hex/Ice        9%         N/A       58%         5
 Brom's Barrelling Bould  Conj/Erth      7%         2d3       65%         4
 Dimensional Bullseye     Hex/Tloc       3%         N/A       65%         4


Dungeon Overview and Level Annotations

Branches:
Dungeon (9/15)             Temple (1/1) D:6
   Lair: D:8-11         Orc: D:9-12

Altars:
Ashenzari
Cheibriados
Dithmenos
Elyvilon
Fedhas
Gozag
Hepliaklqana
Kikubaaqudgha
Makhleb
Nemelex Xobeh
Okawaru
Qazlal
Ru
Sif Muna
Trog
Uskayaw
Vehumet
Wu Jian
Xom
Yredelemnul
Zin
The Shining One

Shops:
D:4 ?   D:5 =

Annotations:
D:9 Erolcha


Innate Abilities, Weirdness & Mutations

Your serpentine skin is tough. (AC +3)
You have supernaturally acute eyesight. (SInv)
Armour fits poorly on your strangely shaped body.
Your system is resistant to poisons. (rPois)
You cover ground very slowly.
You can spit poison.
You have a snake-like lower body.
You are partially covered in iridescent scales. (AC +2)


Message History

You hit Erolcha. You drain Erolcha.
Erolcha is severely wounded.
Erolcha gestures at you while chanting.
You are cast into the Abyss!
This branch contains the abyssal rune of Zot.
Unknown command.
You start resting.
A chaos spawn materialises.
A chaos spawn is nearby!
There is an open door here.
A thrashing horror comes into view.
The thrashing horror moves out of view.
A sixfirhy comes into view.
As you read the scroll of teleportation, it crumbles to dust.
You feel strangely unstable.
You feel the power of the Abyss delaying your translocation!
The sixfirhy hits you. The sixfirhy shocks you!
Unknown command.
The sixfirhy hits you. The sixfirhy shocks you! The sixfirhy hits you!
The sixfirhy shocks you!
* * * LOW HITPOINT WARNING * * *
The sixfirhy hits you but does no damage.
The sixfirhy hits you.
* * * LOW HITPOINT WARNING * * *
The sixfirhy shocks you!
* * * LOW HITPOINT WARNING * * *
Unknown command.
The sixfirhy hits you but does no damage.
The sixfirhy hits you.
* * * LOW HITPOINT WARNING * * *
The sixfirhy shocks you!
* * * LOW HITPOINT WARNING * * *
Unknown command.
The sixfirhy misses you.
The sixfirhy hits you but does no damage.
The sixfirhy hits you.
* * * LOW HITPOINT WARNING * * *
The sixfirhy shocks you!
You die...
Kikubaaqudgha rasps: "You have failed me!
Welcome... death!"

... ..# ####..
.#..# .... ###
#. ..## #..#
##.####ยง.
#.#.@###.# ##
##.#.3..##
##.###...#...#
##
#....##..#..#.#
.# ##
....#.#.....#
.. ..
##.....#.#.## .
....
#..###.....#.#
. .... #...
##.#..#.. . .#.
#.#...#.###.#


You could see a sixfirhy.

Vanquished Creatures
  Maggie (D:8)
  An unseen horror (D:7)
  A troll (D:9)
  A hornet (D:8)
  2 yaks (D:9)
  Eustachio (D:5)
  2 sky beasts (D:7)
  2 centaurs
  A bullfrog (D:6)
  A gnoll sergeant (D:5)
  A scorpion (D:4)
  A wight (D:8)
  4 killer bees (D:8)
  A crimson imp (D:5)
  2 bombardier beetles (D:4)
  2 hounds
  2 iguanas
  4 orc wizards
  2 nameless horrors
  A gnoll (D:8)
  5 adders
  A white imp (D:5)
  3 ufetubi
  A ribbon worm (D:4)
  2 dart slugs
  11 orcs
  7 ball pythons
  3 bats
  4 endoplasms
  2 giant cockroaches
  3 goblins
  2 hobgoblins (D:1)
  A quokka (D:4)
  3 frilled lizards
  2 kobolds
  2 rats
85 creatures vanquished.

Vanquished Creatures (collateral kills)
  A cyclops (D:9)
  Maurice (D:8)
  Jeremiah (D:8)
  A shadow (D:9)
  4 yaks (D:9)
  A wyvern (D:8)
  A steam dragon (D:7)
  A water moccasin (D:8)
  3 orc warriors
  2 ice beasts
  2 sky beasts
  A black bear (D:6)
  A centaur (D:7)
  A phantom (D:5)
  A gnoll sergeant (D:8)
  3 bullfrogs
  6 wights
  9 killer bees (D:8)
  2 howler monkeys (D:9)
  A bombardier beetle (D:6)
  4 hounds
  4 orc priests
  2 jellies
  Crazy Yiuf (D:2)
  2 iguanas
  Natasha (thrice) (D:3)
  3 orc wizards
  5 gnolls
  8 adders
  A white imp (D:6)
  5 ufetubi (D:6)
  2 dart slugs
  4 ribbon worms
  19 orcs
  2 ball pythons
  8 endoplasms
  3 giant cockroaches
  4 goblins
  5 hobgoblins
  2 bats (D:2)
  6 frilled lizards
  A kobold (D:1)
  A rat (D:3)
138 creatures vanquished.

Vanquished Creatures (others)
  3 yak zombies (D:9)
  Ijyb (D:3)
4 creatures vanquished.

Grand Total: 227 creatures vanquished

Notes
Turn   | Place    | Note
-------+----------+-------------------------------------------
     0 | D:1      | spaghetti the Naga Summoner began the quest for the Orb.
     0 | D:1      | Reached XP level 1. HP: 15/15 MP: 3/3
   108 | D:1      | Reached XP level 2. HP: 19/22 MP: 0/5
   710 | D:1      | Reached XP level 3. HP: 7/28 MP: 3/6
   720 | D:1      | Learned a level 2 spell: Call Imp
   724 | D:1      | Learned a level 3 spell: Call Canine Familiar
  1544 | D:2      | Reached skill level 1 in Fighting
  1544 | D:2      | Reached XP level 4. HP: 33/38 MP: 2/8
  1610 | D:2      | Reached skill level 1 in Alchemy
  1952 | D:2      | Found a runed translucent door.
  1953 | D:2      | Noticed Crazy Yiuf
  2446 | D:2      | Killed Crazy Yiuf
  2447 | D:2      | Reached XP level 5. HP: 44/44 MP: 3/9
  2650 | D:3      | Learned a level 3 spell: Ozocubu's Armour
  2662 | D:3      | Noticed Natasha
  2670 | D:3      | Reached skill level 2 in Alchemy
  2678 | D:3      | Reached skill level 5 in Summonings
  2684 | D:3      | Killed Natasha
  3044 | D:3      | Noticed Natasha
  3050 | D:3      | Killed Natasha
  3051 | D:3      | Reached skill level 1 in Ice Magic
  3051 | D:3      | Reached XP level 6. HP: 44/52 MP: 5/11
  3511 | D:3      | Noticed Natasha
  3516 | D:3      | Killed Natasha
  3714 | D:3      | Noticed Ijyb
  3726 | D:3      | Killed Ijyb
  3734 | D:3      | Learned a level 4 spell: Summon Lightning Spire
  4155 | D:4      | Reached skill level 3 in Alchemy
  4179 | D:4      | Reached skill level 1 in Air Magic
  4311 | D:4      | Reached XP level 7. HP: 56/61 MP: 7/12
  4355 | D:4      | Found Jiveih's Magic Scroll Shoppe.
  4666 | D:5      | Entered Level 5 of the Dungeon
  5269 | D:5      | Found Lywanu's Jewellery Shoppe.
  5285 | D:5      | Gained mutation: You are partially covered in iridescent
                  | scales. (AC +2) [potion of mutation]
  5476 | D:5      | Found a burning altar of Makhleb.
  5476 | D:5      | Found a shimmering altar of Xom.
  5481 | D:5      | Paralysed by a crimson imp for 1 turns
  5573 | D:5      | Noticed Eustachio
  5607 | D:5      | Killed Eustachio
  5608 | D:5      | Reached XP level 8. HP: 26/69 MP: 8/14
  5619 | D:5      | Reached skill level 4 in Alchemy
  6775 | D:6      | Reached XP level 9. HP: 68/78 MP: 16/16
  6911 | D:6      | Found a staircase to the Ecumenical Temple.
  6946 | D:6      | Reached skill level 5 in Alchemy
  7040 | D:6      | Found an ancient bone altar of Kikubaaqudgha.
  7040 | D:6      | Found a broken altar of Ashenzari.
  7114 | D:6      | Reached skill level 5 in Spellcasting
  7116 | D:6      | Reached skill level 5 in Air Magic
  8057 | D:7      | Noticed an unseen horror
  8159 | D:7      | Killed an unseen horror
  8556 | D:7      | Reached skill level 5 in Fighting
  8803 | D:7      | Reached skill level 6 in Alchemy
  8976 | D:7      | Identified the ring of the Vendetta {AC+4 Dex+4}
  9373 | D:8      | Reached skill level 5 in Ice Magic
  9444 | D:8      | Learned a level 6 spell: Sculpt Simulacrum
  9581 | Temple   | Entered the Ecumenical Temple
  9659 | D:6      | Became a worshipper of Kikubaaqudgha
  9734 | D:8      | Reached XP level 10. HP: 65/91 MP: 8/18
  9821 | D:8      | Found a hide-covered altar of Uskayaw.
  9822 | D:8      | Found a shimmering blue altar of Sif Muna.
  9824 | D:8      | Found an iron altar of Okawaru.
  9985 | D:8      | Noticed Maggie
  9989 | D:8      | Noticed Jeremiah
  9996 | D:8      | Killed Maggie
  9997 | D:8      | Reached skill level 7 in Alchemy
 10009 | D:8      | Killed Jeremiah
 10576 | D:8      | Reached skill level 8 in Alchemy
 10624 | D:8      | Noticed Maurice
 10634 | D:8      | Maurice stole a +4 halberd of freezing
 10658 | D:8      | Killed Maurice
 10785 | D:8      | Reached * piety under Kikubaaqudgha
 10785 | D:8      | Received a gift from Kikubaaqudgha
 10793 | D:8      | Learned a level 4 spell: Animate Dead
 10965 | D:8      | Found a shadowy altar of Dithmenos.
 10966 | D:8      | Found an ornate altar of the Wu Jian Council.
 10969 | D:8      | Found a radiant altar of Vehumet.
 10974 | D:8      | Found a bloodstained altar of Trog.
 10975 | D:8      | Found a sparkling altar of Nemelex Xobeh.
 10977 | D:8      | Found a snail-covered altar of Cheibriados.
 10977 | D:8      | Found an opulent altar of Gozag.
 10978 | D:8      | Found a hazy altar of Hepliaklqana.
 11436 | D:9      | Reached skill level 1 in Necromancy
 11514 | D:9      | Noticed Erolcha
 11515 | D:9      | Noticed a cyclops
 11539 | D:9      | Reached XP level 11. HP: 46/100 MP: 8/22
 11545 | D:9      | Reached skill level 9 in Alchemy
 11547 | D:9      | Killed a cyclops
 11556 | Abyss:2  | Cast into level 2 of the Abyss (Erolcha)
 11618 | Abyss:2  | Noticed a thrashing horror
 11622 | Abyss:2  | Noticed a sixfirhy
 11627 | Abyss:2  | HP: 4/102 [sixfirhy (11)]
 11628 | Abyss:2  | Mangled by a sixfirhy

Illustrated notes

Levels and vault maps discovered:
D:1:      co_arrival_square_in_a_square_in_a_square, layout_loops_ring,
          minmay_pentomino_o2
D:2:      layout_rooms, nrook_mini_backslash, uniq_crazy_yiuf_cottage
D:3:      layout_loops_corners, uniq_natasha, uniq_ijyb
D:4:      layout_basic, serial_shops, shop
D:5:      layout_loops_ring, grunt_temple_overflow_champion_of_chaos,
          serial_shops, shop, uniq_eustachio
D:6:      layout_cave_pods, mainiacjoe_overflow_divided_tiny, temple_hall
D:7:      layout_basic
D:8:      layout_cave_pools, nicolae_overflow_hallway_of_the_gods,
          uniq_jeremiah, uniq_maurice, uniq_maggie
D:9:      layout_roguey [special_room_kobold], lair_entry_dummy, uniq_erolcha
Temple:   hellmonk_temple_of_storms
Abyss:2:  base: D:4, minivault_20

Skill      XL: |  1  2  3  4  5  6  7  8  9 10 11 |
---------------+----------------------------------+-----
Fighting       | 1 2 3 4 5 7 |  7.7
Alchemy        | 1 2 3 4 6 8 9 |  9.1
Spellcasting   | 3 4 5 7 |  7.6
Summonings     | 5 6 7 |  7.0
Ice Magic      | 1 2 3 5 |  5.7
Air Magic      | 1 3 4 5 |  5.0
Necromancy     | 1 2 |  2.5
Dodging        | |  1.5
Stealth        | |  3.0

Action                     |  1- 3 |  4- 6 |  7- 9 | 10-12 || total
---------------------------+-------+-------+-------+-------++-------
  Melee: Unarmed           |    84 |       |       |       ||    84
         Punch             |     1 |       |       |     3 ||     4
         Staff             |    17 |    16 |       |       ||    33
         Quarterstaff      |       |    68 |   140 |       ||   208
         Halberd           |       |       |    74 |    18 ||    92
         Trident           |       |       |       |    78 ||    78
   Cast: Summon Small Mamm |    27 |       |       |       ||    27
         Call Imp          |     7 |    27 |    34 |    17 ||    85
         Call Canine Famil |     5 |    24 |    25 |    13 ||    67
         Summon Lightning  |       |       |    33 |    20 ||    53
         Ozocubu's Armour  |       |       |     1 |     4 ||     5
         Animate Dead      |       |       |       |     1 ||     1
         Sculpt Simulacrum |       |       |       |     1 ||     1
Ability: Spit Poison       |     1 |       |       |       ||     1
  Evoke: Wand              |       |       |     1 |     5 ||     6
    Use: Scroll            |     3 |     6 |     6 |     1 ||    16
         Potion            |     2 |       |     4 |     1 ||     7
   Stab: Sleeping          |     4 |     4 |     1 |       ||     9
         Distracted        |       |       |       |     1 ||     1
 Armour: Robe              |    86 |    76 |   374 |   133 ||   669
  Dodge: Dodged            |    70 |    37 |   209 |    88 ||   404
